 Dungeon Crawl Stone Soup version 0.23-a0-516-g0f8c245 (webtiles) character file.

181262 galech the Severer (level 17, -34/139 HPs)
             Began as a Demonspawn Fighter on Dec 4, 2018.
             Was the Champion of Okawaru.
             Killed from afar by an ancient lich (81 damage)
             ... with an iron shot
             ... on level 4 of the Depths on Dec 5, 2018.
             The game lasted 00:59:43 (26623 turns).

galech the Severer (Demonspawn Fighter)            Turns: 26623, Time: 00:59:44

Health: -34/139    AC: 32    Str: 25    XL:     17   Next: 67%
Magic:  0/21       EV:  8    Int:  9    God:    Okawaru [******]
Gold:   2128       SH: 27    Dex: 20    Spells: 16/16 levels left

rFire    + . .     SeeInvis +   L - +7 war axe of Change {drain, rN+}
rCold    + . .     Gourm    .   E - +4 shield of Obaseq {SInv}
rNeg     + + .     Faith    .   J - +6 gold dragon scales "Plog" {rPois rF+ rC+ MR+ Slay+5 Stlth+}
rPois    +         Spirit   +   (helmet unavailable)
rElec    .         Reflect  .   N - +2 cloak {+Inv}
rCorr    .         Harm     .   P - +2 pair of gloves {Str+3}
MR       ++...                  U - +0 pair of boots "Ankah" {rN+ Slay+2}
Stlth    ..........             e - amulet of the acrobat
HPRegen  0.33/turn              k - +5 ring of strength
MPRegen  0.34/turn              a - +4 ring of slaying

@: no status effects
A: horns 3, large bone plates 3, spiny 1, augmentation 1, magic shield, magic
regeneration
a: Heroism, Finesse, Renounce Religion, Evoke Invisibility


You were on level 4 of the Depths.
You worshipped Okawaru.
Okawaru was exalted by your worship.
You were hungry.

You visited 5 branches of the dungeon, and saw 27 of its levels.
You visited the Abyss 1 time.
You also visited: Labyrinth and Volcano.

You collected 2985 gold pieces.
You spent 857 gold pieces at shops.

Inventory:

Hand Weapons
 L - the +7 war axe of Change (weapon) {drain, rN+}
   (You found it on level 4 of the Lair of Beasts)

   A truly terrible weapon, it drains the life of those it strikes.
   It protects you from negative energy.
 T - a +2 hand axe of chopping
 X - the +2 broad axe of Pain and Death {freeze, rElec rC+}
   (Okawaru gifted it to you on level 12 of the Dungeon)

   It has been specially enchanted to freeze those struck by it, causing extra
   injury to most foes and up to half again as much damage against particularly
   susceptible opponents.
   It can also slow down cold-blooded creatures.
   It protects you from cold.
   It insulates you from electricity.
 Z - a +4 scimitar of flaming
Armour
 m - a scarf of cloud immunity
 D - the +6 fire dragon scales of the Prince {rF++ rC- MR- Regen+ rCorr Dex+4}
   (You found it in a volcano)

   It affects your dexterity (+4).
   It greatly protects you from fire.
   It makes you vulnerable to cold.
   It affects your resistance to hostile enchantments.
   It increases your rate of regeneration.
   It provides partial protection from all sources of acid and corrosion.
 E - the +4 shield of Obaseq (worn) {SInv}
   (You bought it in a shop on level 2 of the Orcish Mines)

   It lets you see invisible.
 J - the +6 gold dragon scales "Plog" (worn) {rPois rF+ rC+ MR+ Slay+5 Stlth+}
   (You found it on level 12 of the Dungeon)

   It affects your accuracy and damage with ranged weapons and melee attacks
   (+5).
   It protects you from fire.
   It protects you from cold.
   It protects you from poison.
   It affects your resistance to hostile enchantments.
   It makes you more stealthy.
 N - a +2 cloak of invisibility (worn)
 P - a +2 pair of gloves of strength (worn)
 U - the +0 pair of boots "Ankah" (worn) {rN+ Slay+2}
   (Okawaru gifted it to you on level 2 of the Orcish Mines)

   It affects your accuracy and damage with ranged weapons and melee attacks
   (+2).
   It protects you from negative energy.
Jewellery
 a - a +4 ring of slaying (right hand)
 e - an amulet of the acrobat (around neck)
 k - a +5 ring of strength (left hand)
 l - an uncursed ring of protection from cold
 r - a +2 ring of intelligence
 F - an uncursed ring of protection from fire
 M - an uncursed ring of ice
 Y - an uncursed ring of magical power
Wands
 y - a wand of paralysis (10)
Scrolls
 c - 4 scrolls of blinking
 j - 14 scrolls of remove curse
 q - 3 scrolls of magic mapping
 s - 4 scrolls of fog
 v - a scroll of brand weapon
 w - a scroll of acquirement {unknown}
 x - 13 scrolls of teleportation
 A - 2 scrolls of fear
 B - 5 scrolls of enchant weapon
 G - 3 scrolls of identify
 H - 2 scrolls of vulnerability
 I - a scroll of silence {unknown}
 V - a scroll of summoning
 W - 4 scrolls of enchant armour
Potions
 b - a potion of berserk rage
 g - 4 potions of mutation
 h - 6 potions of invisibility
 i - 6 potions of heal wounds
 n - 2 potions of ambrosia {unknown}
 o - 11 potions of curing
 p - 4 potions of magic
 t - 3 potions of flight
 u - 7 potions of lignification
 z - 6 potions of cancellation {unknown}
 C - 2 potions of haste {unknown}
 K - 3 potions of degeneration {unknown}
 Q - 2 potions of resistance {unknown}
 R - 2 potions of agility
 S - 3 potions of brilliance {unknown}
Comestibles
 f - 53 rations


   Skills:
 + Level 14.2 Fighting
 + Level 1.4 Long Blades
 + Level 17.4 Axes
 + Level 11.0 Armour
 + Level 5.6 Dodging
 + Level 2.5 Stealth
 + Level 15.3 Shields
 + Level 6.2 Invocations
 + Level 0.5 Evocations


You had 16 spell levels left.
You didn't know any spells.
Your spell library contained the following spells:

 Spells                   Type           Power        Failure   Level  Hunger
 Animate Skeleton         Necr           N/A          100%        1    ##.....
 Apportation              Tloc           #.....       100%        1    ##.....
 Confusing Touch          Hex            #.....       100%        1    ##.....
 Corona                   Hex            #......      100%        1    ##.....
 Shock                    Conj/Air       #...         100%        1    ##.....
 Summon Butterflies       Summ           #.......     100%        1    ##.....
 Summon Small Mammal      Summ           #...         100%        1    ##.....
 Ensorcelled Hibernation  Hex/Ice        #.....       100%        2    ###....
 Swiftness                Chrm/Air       #.......     100%        2    ###....
 Confuse                  Hex            #.......     100%        3    ####...
 Conjure Flame            Conj/Fire      #.......     100%        3    ####...
 Dazzling Spray           Conj/Hex       #.....       100%        3    ####...
 Gell's Gravitas          Tloc           #.........   100%        3    ####...
 Ignite Poison            Fire/Tmut/Pois #.......     100%        3    ####...
 Inner Flame              Hex/Fire       #.......     100%        3    ####...
 Lesser Beckoning         Tloc           #.........   100%        3    ####...
 Static Discharge         Conj/Air       #.......     100%        3    ####...
 Tukima's Dance           Hex            #.......     100%        3    ####...
 Airstrike                Air            #.........   100%        4    #####..
 Petrify                  Tmut/Erth      #.......     100%        4    #####..
 Sticky Flame             Conj/Fire      #.......     100%        4    #####..
 Alistair's Intoxication  Tmut/Pois      #.......     100%        5    ######.
 Bolt of Magma            Conj/Fire/Erth #.........   100%        5    ######.
 Lightning Bolt           Conj/Air       #.........   100%        5    ######.
 Metabolic Englaciation   Hex/Ice        #.........   100%        5    ######.
 Yara's Violent Unravell  Hex/Tmut       #.........   100%        5    ######.
 Invisibility             Hex            #.......     100%        6    #######


Dungeon Overview and Level Annotations

Branches:
Dungeon (15/15)            Temple (1/1) D:5            Lair (6/6) D:8
 Shoals (0/4) Lair:4        Snake (0/4) Lair:2        Slime (0/5) Lair:6
    Orc (2/2) D:10            Elf (0/3) Orc:2        Vaults (0/5) D:14
 Depths (2/5) D:15

Altars:
Ashenzari
Dithmenos
Elyvilon
Fedhas
Gozag
Hepliaklqana
Kikubaaqudgha
Makhleb
Nemelex Xobeh
Okawaru
Qazlal
Ru
Trog
Uskayaw
Wu Jian
Xom
Zin
The Shining One
Beogh
Jiyva

Shops:
Orc:1 }   Orc:2 [[[*}

Portals:
Hell: Depths:1 Depths:2
Pandemonium: Depths:1
Trove: D:11 (give +4 fire dragon scales)


Innate Abilities, Weirdness & Mutations

You have a pair of large horns on your head.
You are completely covered in large bone plates. (SH +8)
You are partially covered in sharp spines.
Your magical and physical power is slightly enhanced at high health.
When hurt, damage is shared between your health and your magic reserves.
You regenerate magic rapidly.


Message History

The Hell Sentinel barely misses you. The Tzitzimitl gestures at you.
The bolt of cold hits the Hell Sentinel.
The Hell Sentinel completely resists.
The bolt of cold misses you.
The ancient lich points at you and mumbles some strange words.
The bolt of fire hits you! You resist.
There is an open door here.
You slash the ancient lich!
The ancient lich is heavily damaged.
You closely miss the Hell Sentinel.
You feel less confused. You block the Hell Sentinel's attack.
The Hell Sentinel hits you.
You hit the ancient lich but do no damage.
You headbutt the ancient lich, but do no damage.
The ancient lich is heavily damaged.
You hit the Hell Sentinel.
The ancient lich points at you and mumbles some strange words.
The iron shot hits you!
Ouch! That really hurt!
You die...

#################
.........'...@L.#
.........#####1....#
.........# #.1...#
.........# #[.>.%#
######+###'##
#######
....#...#...#
..≈.#...#...#
..≈.#...'...#
..≈.#...#...#


You could see a Hell Sentinel, an ancient lich and a Tzitzimitl.

Vanquished Creatures
  2 liches (Depths:1)
  Frances (D:14)
  A sphinx (Depths:4)
  2 tengu reavers (Depths:1)
  A shadow dragon (Depths:4)
  4 frost giants
  The ghost of Yrixi the Severer, a journeyman MiBe of Trog (Lair:6)
  A caustic shrike zombie (Depths:4)
  An emperor scorpion (D:15)
  6 very ugly things
  4 stone giants
  Azrael (D:13)
  A vampire knight (Depths:1)
  A red draconian (Volcano)
  A minotaur (Lab)
  2 ettins
  4 fire dragons
  8 ogre magi
  8 slime creatures
  3 great orbs of eyes
  4 hydras
  A rakshasa (Depths:4)
  2 catoblepae
  5 centaur warriors
  37 two-headed ogres
  5 deep troll shamans
  2 deep troll earth magi (Depths:1)
  5 tengu warriors
  A titan skeleton (Depths:4)
  5 iron trolls
  7 deep trolls
  2 glowing orange brains (Depths:1)
  4 skeletal warriors
  A flayed ghost (Depths:4)
  5 wizards
  2 unseen horrors
  2 necromancers
  2 mana vipers (Depths:4)
  2 orc knights
  A cyclops (D:12)
  2 deep elf magi
  A wolf spider (D:15)
  A salamander (D:15)
  5 manticores
  A manticore (shapeshifter) (Depths:1)
  3 orc sorcerers
  23 ugly things
  10 elephants (Lair:6)
  A centaur zombie (D:13)
  A guardian serpent (shapeshifter) (D:15)
  4 black mambas
  Joseph (D:8)
  3 gargoyles
  A torpor snail (Lair:5)
  22 spiny frogs
  4 rime drakes
  A spriggan skeleton (Depths:4)
  An anaconda simulacrum (Depths:4)
  3 efreet
  11 yaktaurs
  9 komodo dragons
  3 tengu conjurers (Depths:1)
  5 meliai
  2 queen bees
  5 tyrant leeches (Lair:6)
  5 trolls
  3 hornets (Lair:6)
  22 blink frogs
  7 dream sheep
  10 hippogriffs
  4 shadows
  6 vampires
  A spriggan (D:14)
  5 wraiths
  A water elemental (Depths:4)
  50 yaks
  A wyvern (Lair:3)
  2 golden eyes (shapeshifter)
  4 fire elementals (D:13)
  9 vampire mosquitoes
  2 hungry ghosts
  2 basilisks
  2 wargs (Orc:2)
  Edmund (D:5)
  An acid dragon (D:14)
  22 water moccasins
  2 spectral trolls (Depths:4)
  A floating eye (Depths:4)
  2 hell hounds (D:13)
  11 porcupines
  2 spectral spriggans (Depths:4)
  2 hornet zombies (D:15)
  3 ice beasts
  A black bear (D:7)
  21 orc warriors
  7 necrophages
  41 ogres
  4 boggarts (Depths:1)
  2 eyes of draining
  2 sky beasts
  10 wolves (Lair:5)
  23 centaurs
  12 crocodiles
  2 big kobolds
  Blork the orc (D:4)
  A gnoll sergeant (D:9)
  32 bullfrogs
  A wyvern skeleton (D:12)
  3 scorpions
  37 killer bees
  2 spectral ogres (Depths:4)
  2 spectral nagas (Depths:4)
  5 wights
  4 electric eels (Lair:1)
  3 spectral centaurs (Depths:4)
  A bullfrog zombie (D:15)
  A quasit (D:8)
  9 crimson imps
  6 jellies
  2 centaur skeletons
  A gnoll shaman (D:5)
  13 hounds
  19 orc priests
  27 orc wizards
  Crazy Yiuf (D:7)
  2 bullfrog skeletons
  5 iguanas
  Ijyb (D:5)
  Natasha (thrice) (D:2)
  11 worker ants
  3 hound skeletons
  A worker ant zombie (D:11)
  20 adders
  19 gnolls
  4 shadow imps
  A white imp (Depths:2)
  An ooze (D:3)
  3 adder zombies
  2 adder skeletons
  6 worms
  4 dart slugs
  9 leopard geckos
  89 orcs
  6 giant cockroaches
  9 hobgoblins
  14 jackals
  4 quokkas
  3 ball pythons
  5 bats
  8 frilled lizards
  12 goblins
  15 kobolds
  A leopard gecko skeleton (D:6)
  6 rats
  4 fungi
  2 plants
1023 creatures vanquished.

Vanquished Creatures (others)
  A boggart (Depths:1)
  An orc (D:10)
  5 bushes (D:15)
  7 fungi
  25 plants
39 creatures vanquished.

Grand Total: 1062 creatures vanquished

Notes
Turn   | Place    | Note
-------+----------+-------------------------------------------
     0 | D:1      | galech the Demonspawn Fighter began the quest for the Orb.
     0 | D:1      | Reached XP level 1. HP: 18/18 MP: 1/1
   111 | D:1      | Gained mutation: When hurt, damage is shared between your
                  | health and your magic reserves. [demonic ancestry]
   111 | D:1      | Reached XP level 2. HP: 24/24 MP: 2/2
   183 | D:1      | Reached skill level 2 in Axes
   857 | D:1      | Gained mutation: You have a pair of small horns on your
                  | head. [demonic ancestry]
   857 | D:1      | Reached XP level 3. HP: 16/29 MP: 1/3
  1151 | D:2      | Noticed a scorpion
  1157 | D:2      | Killed a scorpion
  1157 | D:2      | Reached XP level 4. HP: 19/35 MP: 2/4
  1478 | D:2      | Noticed Natasha
  1482 | D:2      | Killed Natasha
  1482 | D:2      | Reached skill level 3 in Axes
  1482 | D:2      | Reached XP level 5. HP: 29/41 MP: 5/5
  1629 | D:2      | Found an ornate altar of the Wu Jian Council.
  1980 | D:2      | Noticed Natasha
  1988 | D:2      | Killed Natasha
  2601 | D:3      | Gained mutation: You regenerate magic rapidly. [demonic
                  | ancestry]
  2601 | D:3      | Reached XP level 6. HP: 5/47 MP: 1/6
  2825 | D:3      | Reached skill level 4 in Axes
  3223 | D:2      | Noticed Natasha
  3228 | D:2      | Killed Natasha
  3331 | D:4      | Reached skill level 1 in Dodging
  3355 | D:4      | Noticed a +0 dagger
  3356 | D:4      | Noticed a +0 hand axe
  3357 | D:4      | Found a hide-covered altar of Uskayaw.
  3487 | D:4      | Gained mutation: You are partially covered in large bone
                  | plates. (SH +4) [demonic ancestry]
  3487 | D:4      | Reached XP level 7. HP: 4/53 MP: 2/7
  3761 | D:4      | Noticed Blork the orc
  3800 | D:4      | Found a shadowy altar of Dithmenos.
  4151 | D:4      | Found a bloodstained altar of Trog.
  4305 | D:4      | Killed Blork the orc
  4381 | D:4      | Found a blossoming altar of Fedhas.
  4424 | D:4      | Reached skill level 5 in Axes
  4571 | D:5      | Entered Level 5 of the Dungeon
  4647 | D:5      | Found a staircase to the Ecumenical Temple.
  4710 | Temple   | Entered the Ecumenical Temple
  5129 | Temple   | Became a worshipper of Warmaster Okawaru
  5167 | D:5      | Gained mutation: You have a pair of horns on your head.
                  | [demonic ancestry]
  5167 | D:5      | Reached XP level 8. HP: 56/61 MP: 8/8
  5289 | D:5      | Noticed Ijyb
  5299 | D:5      | Killed Ijyb
  5553 | D:5      | Noticed Edmund
  5558 | D:5      | Reached skill level 5 in Armour
  5580 | D:5      | Killed Edmund
  5580 | D:5      | Reached skill level 6 in Axes
  5580 | D:5      | Reached skill level 5 in Shields
  5906 | D:5      | Reached * piety under Okawaru
  5937 | D:5      | Reached skill level 5 in Fighting
  6389 | D:6      | Reached skill level 7 in Axes
  6392 | D:6      | Reached XP level 9. HP: 61/68 MP: 9/9
  6407 | D:6      | Reached skill level 1 in Stealth
  7158 | D:7      | Reached ** piety under Okawaru
  7320 | D:7      | Found a stormy altar of Qazlal.
  7349 | D:7      | Found a shimmering altar of Xom.
  7429 | D:7      | Reached skill level 8 in Axes
  7929 | D:7      | Found a runed door.
  7933 | D:7      | Noticed Crazy Yiuf
  7938 | D:7      | Killed Crazy Yiuf
  8381 | D:8      | Found a staircase to the Lair.
  8385 | D:8      | Reached *** piety under Okawaru
  8386 | D:8      | Noticed a komodo dragon
  8399 | D:8      | Killed a komodo dragon
  8399 | D:8      | Gained mutation: You are mostly covered in large bone
                  | plates. (SH +6) [demonic ancestry]
  8399 | D:8      | Reached XP level 10. HP: 66/76 MP: 8/10
  8422 | D:8      | Noticed Joseph
  8438 | D:8      | Killed Joseph
  8488 | D:8      | Found a sparkling altar of Nemelex Xobeh.
  8545 | D:8      | Reached **** piety under Okawaru
  8574 | D:8      | Reached skill level 9 in Axes
  8676 | D:8      | Found a white marble altar of Elyvilon.
  9390 | D:9      | Received a gift from Okawaru
  9452 | D:9      | Found a shattered altar of Ashenzari.
  9452 | D:9      | Found an opulent altar of Gozag.
  9522 | D:9      | Found a sacrificial altar of Ru.
 10052 | D:9      | Noticed a two-headed ogre
 10063 | D:9      | Killed a two-headed ogre
 10063 | D:9      | Reached ***** piety under Okawaru
 10063 | D:9      | Reached skill level 10 in Axes
 10291 | D:10     | Entered Level 10 of the Dungeon
 10424 | D:10     | Reached XP level 11. HP: 79/84 MP: 11/11
 10524 | D:10     | Found a staircase to the Orcish Mines.
 11167 | Orc:1    | Entered Level 1 of the Orcish Mines
 11180 | Orc:1    | Noticed an orc sorcerer
 11315 | Orc:1    | Paralysed by an orc sorcerer for 2 turns
 11491 | D:10     | Killed an orc sorcerer
 11677 | Orc:1    | Found Pizaen's Gadget Shoppe.
 11814 | Orc:1    | Found a dark tunnel.
 11820 | Volcano  | Entered a volcano
 11888 | Volcano  | Noticed a two-headed ogre
 11888 | Volcano  | Noticed an ogre mage
 11888 | Volcano  | Noticed a two-headed ogre
 11900 | Volcano  | Killed a two-headed ogre
 11907 | Volcano  | Killed an ogre mage
 11907 | Volcano  | Reached skill level 1 in Invocations
 11910 | Volcano  | Killed a two-headed ogre
 11910 | Volcano  | Received a gift from Okawaru
 11910 | Volcano  | Reached skill level 11 in Axes
 12004 | Volcano  | Noticed a red draconian
 12013 | Volcano  | Noticed a two-headed ogre
 12020 | Volcano  | Killed a two-headed ogre
 12041 | Volcano  | Killed a red draconian
 12046 | Volcano  | Got heavily runed fire dragon scales
 12067 | Volcano  | Identified the +6 fire dragon scales of the Prince {rF++
                  | rC- MR- Regen+ rCorr Dex+4} (You found it in a volcano)
 12154 | Volcano  | Noticed a two-headed ogre
 12166 | Volcano  | Killed a two-headed ogre
 12286 | Orc:1    | Noticed an orc sorcerer
 12293 | Orc:1    | Killed an orc sorcerer
 12641 | Orc:2    | Entered Level 2 of the Orcish Mines
 12641 | Orc:2    | Found a roughly hewn altar of Beogh.
 12655 | Orc:2    | Found a staircase to the Elven Halls.
 12674 | Orc:2    | Noticed a two-headed ogre
 12674 | Orc:2    | Noticed a two-headed ogre
 12675 | Orc:2    | Noticed a two-headed ogre
 12683 | Orc:2    | Noticed a two-headed ogre
 12685 | Orc:2    | Noticed a two-headed ogre
 12701 | Orc:2    | Killed a two-headed ogre
 12701 | Orc:2    | Reached skill level 5 in Dodging
 12701 | Orc:2    | Gained mutation: You have a pair of large horns on your
                  | head. [demonic ancestry]
 12701 | Orc:2    | Reached XP level 12. HP: 92/92 MP: 6/14
 12706 | Orc:2    | Killed a two-headed ogre
 12719 | Orc:2    | Killed a two-headed ogre
 12725 | Orc:2    | Killed a two-headed ogre
 12739 | Orc:2    | Noticed a two-headed ogre
 12740 | Orc:2    | Noticed a two-headed ogre
 12742 | Orc:2    | Noticed an ogre mage
 12756 | Orc:2    | Killed a two-headed ogre
 12756 | Orc:2    | Received a gift from Okawaru
 12766 | Orc:2    | Killed an ogre mage
 12792 | Orc:2    | Killed a two-headed ogre
 12792 | Orc:2    | Reached skill level 12 in Axes
 12804 | Orc:2    | Noticed an ogre mage
 12815 | Orc:2    | Reached ****** piety under Okawaru
 12827 | Orc:2    | Killed an ogre mage
 12828 | Orc:2    | Noticed a two-headed ogre
 12893 | Orc:2    | Noticed a two-headed ogre
 12899 | Orc:2    | Killed a two-headed ogre
 12912 | Orc:2    | Killed a two-headed ogre
 12934 | Orc:2    | Received a gift from Okawaru
 12943 | Orc:2    | Got a pair of ichor-stained boots {god gift}
 12960 | Orc:1    | Identified the +0 pair of boots "Ankah" {rN+ Slay+2}
                  | (Okawaru gifted it to you on level 2 of the Orcish Mines)
 12974 | Orc:2    | Reached skill level 10 in Shields
 12979 | Orc:2    | Noticed a two-headed ogre
 12988 | Orc:2    | Killed a two-headed ogre
 12988 | Orc:2    | Noticed a two-headed ogre
 13000 | Orc:2    | Killed a two-headed ogre
 13178 | Orc:2    | Noticed an ogre mage
 13185 | Orc:2    | Killed a two-headed ogre
 13191 | Orc:2    | Killed an ogre mage
 13191 | Orc:2    | Gained mutation: Your magical and physical power is
                  | slightly enhanced at high health. [demonic ancestry]
 13191 | Orc:2    | Reached XP level 13. HP: 100/101 MP: 16/16
 13192 | Orc:2    | Found Uguwkup's Gadget Emporium.
 13329 | Orc:2    | Found Usepu's Armour Emporium.
 13329 | Orc:2    | Found Qaeq's General Store.
 13330 | Orc:2    | Found Mumel's Armour Boutique.
 13330 | Orc:2    | Found Rib Jank's Antique Armour Emporium.
 13340 | Orc:2    | Bought the +4 shield of Obaseq {SInv} for 535 gold pieces
 13340 | Orc:2    | Bought a +2 pair of gloves of strength for 322 gold pieces
 13439 | Orc:2    | Found a roughly hewn altar of Beogh.
 13819 | D:11     | Reached skill level 13 in Axes
 13841 | D:11     | Found a portal to a secret trove of treasure.
 14081 | D:12     | Got translucent gold dragon scales
 14092 | D:12     | Identified the +6 gold dragon scales "Plog" {rPois rF+ rC+
                  | MR+ Slay+5 Stlth+} (You found it on level 12 of the
                  | Dungeon)
 14261 | D:12     | Received a gift from Okawaru
 14267 | D:12     | Reached skill level 1 in Long Blades
 14291 | D:12     | Got a sapphire broad axe {god gift}
 14292 | D:12     | Identified the +2 broad axe of Pain and Death {freeze,
                  | rElec rC+} (Okawaru gifted it to you on level 12 of the
                  | Dungeon)
 14633 | D:12     | Reached skill level 5 in Invocations
 15065 | D:13     | Noticed Azrael
 15077 | D:13     | Killed Azrael
 15077 | D:13     | Received a gift from Okawaru
 15077 | D:13     | Reached skill level 10 in Fighting
 15436 | D:14     | Reached XP level 14. HP: 109/110 MP: 15/17
 15491 | D:14     | Reached skill level 14 in Axes
 15496 | D:14     | Found a gate to the Vaults.
 15543 | D:14     | Noticed Frances
 15546 | D:14     | Found a labyrinth entrance.
 15557 | D:14     | Killed Frances
 15557 | D:14     | Received a gift from Okawaru
 15563 | D:14     | Got a brightly glowing chain mail {god gift}
 15581 | D:14     | Identified the +0 chain mail of Life {Stlth+} (Okawaru
                  | gifted it to you on level 14 of the Dungeon)
 15593 | Lab      | Entered a labyrinth
 15857 | Lab      | Upgraded the game from 0.23-a0-512-g50a8178 to
                  | 0.23-a0-516-g0f8c245
 17896 | D:15     | Entered Level 15 of the Dungeon
 18101 | D:15     | Found a staircase to the Depths.
 18102 | D:15     | Noticed an emperor scorpion
 18110 | D:15     | Killed an emperor scorpion
 18350 | D:15     | Received a gift from Okawaru
 18785 | Lair:1   | Entered Level 1 of the Lair of Beasts
 18891 | Lair:1   | Reached skill level 15 in Axes
 19525 | Lair:2   | Found a staircase to the Snake Pit.
 19656 | Lair:2   | Gained mutation: You are completely covered in large bone
                  | plates. (SH +8) [demonic ancestry]
 19656 | Lair:2   | Reached XP level 15. HP: 118/118 MP: 19/19
 21076 | Lair:4   | Received a gift from Okawaru
 21280 | Lair:4   | Found a staircase to the Shoals.
 21404 | Lair:4   | Got a smoking war axe
 21405 | Lair:4   | Identified the +7 war axe of Change {drain, rN+} (You found
                  | it on level 4 of the Lair of Beasts)
 22201 | Lair:5   | Identified the Reference Book on Fire
 22385 | Lair:6   | Entered Level 6 of the Lair of Beasts
 22678 | Lair:6   | Found a runed door.
 22680 | Lair:6   | Found a viscous altar of Jiyva.
 22682 | Lair:6   | Found a staircase to the Slime Pits.
 22853 | Lair:6   | Noticed Yrixi's ghost (journeyman MiBe)
 22862 | Lair:6   | Found a transporter.
 22894 | Lair:6   | Reached skill level 16 in Axes
 22897 | Lair:6   | Received a gift from Okawaru
 22920 | Lair:6   | Found a transporter.
 23425 | Lair:6   | Killed Yrixi's ghost
 23425 | Lair:6   | Received a gift from Okawaru
 23792 | Depths:1 | Entered Level 1 of the Depths
 23836 | Depths:1 | Gained mutation: You are partially covered in sharp spines.
                  | [demonic ancestry]
 23836 | Depths:1 | Reached XP level 16. HP: 78/127 MP: 13/20
 24168 | Depths:1 | Reached skill level 10 in Armour
 24176 | Depths:1 | Noticed a tengu reaver
 24188 | Depths:1 | Killed a tengu reaver
 24188 | Depths:1 | Received a gift from Okawaru
 24193 | Depths:1 | Got a twisted plate armour {god gift}
 24214 | Depths:1 | Identified the +6 plate armour "Dutzanoq" {rC+} (Okawaru
                  | gifted it to you on level 1 of the Depths)
 24727 | Depths:1 | Received a gift from Okawaru
 24763 | Depths:1 | Noticed a lich
 24772 | Depths:1 | Cast into level 4 of the Abyss (a lich)
 24772 | Abyss:4  | Found a sacrificial altar of Ru.
 24805 | Depths:1 | Escaped the Abyss
 24809 | Depths:1 | Killed a lich
 24955 | Depths:1 | Paralysed by a vampire knight for 2 turns
 25064 | Depths:1 | Noticed a tengu reaver
 25078 | Depths:1 | Killed a tengu reaver
 25078 | Depths:1 | Reached XP level 17. HP: 106/137 MP: 19/21
 25089 | Depths:1 | Noticed a lich
 25102 | Depths:1 | Killed a lich
 25102 | Depths:1 | Reached skill level 17 in Axes
 25497 | Depths:1 | Found a sparkling altar of Nemelex Xobeh.
 25498 | Depths:1 | Found a one-way gate leading to the halls of Pandemonium.
 25498 | Depths:1 | Found a gateway to Hell.
 25706 | Depths:2 | Received a gift from Okawaru
 25789 | Depths:2 | Received a gift from Okawaru
 26030 | Depths:2 | Reached skill level 15 in Shields
 26059 | Depths:2 | You fall through a shaft for 2 floors!
 26610 | Depths:4 | Noticed an ancient lich
 26618 | Depths:4 | Noticed a Hell Sentinel
 26621 | Depths:4 | Noticed a Tzitzimitl
 26623 | Depths:4 | Killed from afar by an ancient lich

Vault maps used:
D:1:      dpeg_arrival_water_fire
D:2:      lemuel_doored_altar, serial_bayou, serial_bayou_pond_a,
          serial_bayou_pond_a, serial_bayou_pond_a, serial_bayou_pond_d,
          serial_bayou_shore_a, roderic_malta_cross, minmay_crystal_room,
          minivault_14, minmay_pentomino_pile, uniq_natasha
D:4:      bloody_trog, nicolae_dithmenos_through_a_glass_darkly,
          dancing_weapons_uskayaw, fedhas_bush_and_centaur_altar, first_ration,
          minmay_starry_boxes, uniq_blork_the_orc
D:5:      kennysheep_six_static_rooms, minmay_temple_entry_large_hall,
          uniq_edmund, uniq_ijyb
D:6:      kennysheep_doodads, minmay_alternating_orb
D:7:      xom_butterflies, grunt_qazlal_sundering, uniq_crazy_yiuf_cottage
D:8:      lemuel_coloured_pillars_altar, lemuel_round_altar,
          david_lair_shrubbed, uniq_joseph
D:9:      kennysheep_little_box, gammafunk_temple_overflow_elements
D:10:     orc_0_dummy
D:11:     nicolae_trove_entry_free_sample
D:13:     minmay_holes, uniq_azrael
D:14:     david_vaults_1, lab_entry_generic, grunt_pizzeria, uniq_frances
D:15:     hangedman_depths_entry_try_elsewhere_first, serial_park_square1
Temple:   jpeg_temple_alley_garden
Lair:1:   serial_bayou_lake_a, infiniplex_staircase_pool, grunt_megastairs_5
Lair:2:   statuecave_lemuel, minmay_snake_entry_six_corridors
Lair:3:   serial_rivers, chequers_serial_rivers_micro_d,
          chequers_serial_rivers_micro_d, chequers_serial_rivers_small_3,
          chequers_serial_rivers_large_a
Lair:4:   minmay_shoals_entry_centaurs, roderic_carrion_pond
Lair:5:   lemuel_fruit_fields, serial_bayou_shore_b, serial_bayou_shore_b
Lair:6:   minmay_lair_end_frog_pond, slime_altar_2, gammafunk_ghost_hive
Orc:1:    nicolae_volcano_entry_s_turn, serial_shops, shop
Orc:2:    st_orc_ogre_mass, basic_altar, serial_shops, nicolae_shop_crystal,
          minmay_orc_temple_b
Depths:1: hell_entry, pan_entry, minmay_misc_feat_ornament,
          nemelex_xobeh_ov_fountains_minmay, kennysheep_random_hallway
Depths:2: minmay_skeleton_keep, chequers_serial_rivers_small_a,
          hangedman_coc_ice_floe, minmay_shop_grove
Depths:4: lemuel_river_lethe, hell_entry, abyss_entry, uniq_xtahua
Abyss:4:  evilmike_nicolae_abyss_rune_containment_curve
Volcano:  volcano_pools

Skill      XL: |  1  2  3  4  5  6  7  8  9 10 11 12 13 14 15 16 17 |
---------------+----------------------------------------------------+-----
Axes           | 2 3 4 5 7 8 10 11 12 13 15 16 17 | 17.4
Shields        | 3 4 5 6 7 9 10 11 12 13 14 15 | 15.3
Armour         | 3 4 5 6 7 8 9 10 11 | 11.0
Dodging        | 1 2 3 4 5 |  5.6
Fighting       | 4 5 6 7 9 10 11 12 13 14 | 14.2
Stealth        | 1 2 |  2.5
Invocations    | 3 4 5 6 |  6.2
Long Blades    | 1 |  1.4
Evocations     | |  0.5

Action                   |  1- 3 |  4- 6 |  7- 9 | 10-12 | 13-15 | 16-18 || total
-------------------------+-------+-------+-------+-------+-------+-------++-------
Melee: War axe           |    99 |   162 |   286 |       |   243 |   423 ||  1213
       Headbutt          |     4 |    29 |   104 |   189 |   251 |   164 ||   741
       Hand axe          |       |       |   163 |   615 |   121 |       ||   899
       Broad axe         |       |       |       |       |   442 |       ||   442
       Scimitar          |       |       |       |       |    17 |       ||    17
Invok: Heroism           |       |       |       |     5 |     7 |     1 ||    13
       Finesse           |       |       |       |     3 |     2 |     1 ||     6
Evoke: Wand              |       |       |       |     1 |     1 |       ||     2
  Use: Potion            |       |     2 |     1 |       |       |       ||     3
       Scroll            |       |       |    16 |     3 |     7 |       ||    26
 Stab: Distracted        |       |       |     1 |       |       |       ||     1
       Sleeping          |       |       |       |     1 |       |       ||     1
  Eat: Chunk             |     1 |     8 |    13 |    17 |    26 |     7 ||    72
       Ration            |       |       |     1 |       |     3 |       ||     4
Armor: Scale mail        |    40 |    60 |    51 |       |       |       ||   151
       Ring mail         |       |       |    49 |    69 |       |       ||   118
       Fire dragon scale |       |       |       |    20 |    12 |       ||    32
       Leather armour    |       |       |       |     1 |       |       ||     1
       Gold dragon scale |       |       |       |       |   174 |    93 ||   267
Dodge: Dodged            |    27 |    50 |   128 |   117 |    92 |    39 ||   453
Block: Shield            |    47 |    86 |   297 |   409 |   719 |   369 ||  1927
       Rpst.: Scimitar   |       |       |       |       |     1 |       ||     1

Table legend:
 A = Non-vault XP
 B = Vault XP
 C = Vault XP percentage of total XP
 D = Non-vault monster count
 E = Vault monster count
 F = Vault count percentage of total count
                 A         B        C        D         E       F
            +---------+---------+-------+---------+---------+-------
      Total |  180443 |   85214 |  32.1 |     742 |     275 |  27.0
            +---------+---------+-------+---------+---------+-------
        D:1 |      43 |       0 |   0.0 |      27 |       0 |   0.0
        D:2 |     189 |      53 |  21.9 |      18 |       4 |  18.2
        D:3 |     189 |       0 |   0.0 |      36 |       0 |   0.0
        D:4 |     498 |     251 |  33.5 |      14 |       3 |  17.6
        D:5 |     740 |     371 |  33.4 |      22 |       7 |  24.1
        D:6 |     766 |     319 |  29.4 |      25 |      12 |  32.4
        D:7 |    1161 |      39 |   3.2 |      21 |       1 |   4.5
        D:8 |    2125 |     777 |  26.8 |      44 |       2 |   4.3
        D:9 |    2873 |       0 |   0.0 |      44 |       0 |   0.0
       D:10 |    3011 |       0 |   0.0 |      39 |       0 |   0.0
       D:11 |    3796 |       0 |   0.0 |      11 |       0 |   0.0
       D:12 |    6584 |    2568 |  28.1 |      42 |      26 |  38.2
       D:13 |    6949 |    2360 |  25.4 |      35 |       7 |  16.7
       D:14 |    4185 |    5089 |  54.9 |      16 |       5 |  23.8
       D:15 |   15916 |    3272 |  17.1 |      39 |       4 |   9.3
     Lair:1 |    3489 |    1200 |  25.6 |      19 |       6 |  24.0
     Lair:2 |    4095 |    1996 |  32.8 |      20 |      16 |  44.4
     Lair:3 |    3455 |       0 |   0.0 |      12 |       0 |   0.0
     Lair:4 |    4014 |    1201 |  23.0 |      12 |      10 |  45.5
     Lair:5 |    6925 |       0 |   0.0 |      35 |       0 |   0.0
     Lair:6 |   13579 |   15730 |  53.7 |      41 |      59 |  59.0
      Orc:1 |    1986 |     125 |   5.9 |      31 |       2 |   6.1
      Orc:2 |    2658 |   18015 |  87.1 |      22 |      57 |  72.2
   Depths:1 |   68085 |    6407 |   8.6 |      90 |       6 |   6.2
   Depths:2 |   21901 |      11 |   0.1 |      26 |       1 |   3.7
   Depths:4 |       0 |   19507 | 100.0 |       0 |      41 | 100.0
        Lab |    1231 |       0 |   0.0 |       1 |       0 |   0.0
    Volcano |       0 |    5923 | 100.0 |       0 |       6 | 100.0
            +---------+---------+-------+---------+---------+-------
